 Dungeon Crawl Stone Soup version 0.23.1-37-gaa34b87 (webtiles) character file.

Game seed: 11493057651223735223

765371 Kairos the Conqueror (level 27, -12/245 HPs)
             Began as a Hill Orc Fighter on Mar 25, 2019.
             Was the Champion of Okawaru.
             Killed from afar by Utuo the pandemonium lord (64 damage)
             ... with a great icy blast
             ... on level 1 of the Realm of Zot on Mar 27, 2019.
             The game lasted 04:17:26 (64261 turns).

Kairos the Conqueror (Hill Orc Fighter)            Turns: 64261, Time: 04:17:27

Health: -12/245    AC: 33    Str: 42      XL:     27
Magic:  34/37      EV: 31    Int: 15      God:    Okawaru [******]
Gold:   3256       SH: 38    Dex: 27 (28) Spells: 18/47 levels left

rFire    + + .     SeeInvis .   S - +8 broad axe of Ylarchacs {holy, rC- rN+++ Dex+9}
rCold    . . .     Gourm    .   k - +7 large shield {reflect}
rNeg     + + +     Faith    .   y - +7 chain mail of the Moon {rN+ Str+2 Dex+7}
rPois    +         Spirit   .   s - +0 hat of the Untouchables {Str+5 Int+4}
rElec    +         Reflect  +   P - +0 cloak "Jawk" {+Blink Regen+ Stlth-}
rCorr    +         Harm     .   x - +2 pair of gloves {Str+3}
MR       ++...                  J - -2 pair of boots of the Tarantula {rF+ Dex+4}
Stlth    +.........             E - amulet of regeneration
HPRegen  1.70/turn              O - ring "Nuonteor" {*Slow rPois rF+ rN+}
MPRegen  0.25/turn              Z - ring of the Mutiny {rCorr rElec rN+ Int+3}

@: about to teleport, heroism, hasted, wreathed by umbra, very quick
A: claws 1, yellow scales 1, blink, clumsy 1, cold resistance 1, deterioration
1, frail 1, regeneration 1, electricity resistance
0: Orb of Zot
}: 4/15 runes: barnacled, silver, abyssal, gossamer
a: Blink, Heroism, Finesse, Renounce Religion, Evoke Blink


You were on level 1 of the Realm of Zot.
You worshipped Okawaru.
Okawaru was exalted by your worship.
You were not hungry.

You visited 10 branches of the dungeon, and saw 52 of its levels.
You visited the Abyss 3 times.
You visited 1 bazaar.
You also visited: Trove, Ossuary, Ice Cave and Desolation.

You collected 10626 gold pieces.
You spent 7370 gold pieces at shops.

Inventory:

Hand Weapons
 w - a +9 demon whip of flaming
 z - the +11 fustibalus of Suipa {freeze, rElec rC- Str+6 SInv}
   (You found it on level 4 of the Shoals)

   It causes projectiles fired from it to freeze those they strike, causing
   extra injury to most foes and up to half again as much damage against
   particularly susceptible opponents.
   They can also slow down cold-blooded creatures.
   It affects your strength (+6).
   It makes you vulnerable to cold.
   It insulates you from electricity.
   It lets you see invisible.
 R - the +18 lance "Wyrmbane" {slay drac, rPois rF+ rC+ AC+3}
   (You took it off a deep elf mage on level 3 of the Elven Halls)

   It affects your AC (+3).
   It protects you from fire.
   It protects you from cold.
   It protects you from poison.
 S - the +8 broad axe of Ylarchacs (weapon) {holy, rC- rN+++ Dex+9}
   (Okawaru gifted it to you on level 11 of the Dungeon)

   It has been blessed by the Shining One to cause great damage to the undead
   and demons.
   It affects your dexterity (+9).
   It makes you vulnerable to cold.
   It renders you almost immune to negative energy.
 X - the +10 broad axe of Nyshremmun {chop, rElec}
   (You bought it in a shop on level 4 of the Dungeon)

   It inflicts extra damage upon your enemies.
   It insulates you from electricity.
Missiles
 t - 10 throwing nets (quivered)
 F - 21 silver javelins
 W - 588 sling bullets
Armour
 k - a +7 large shield of reflection (worn)
 l - the +10 plate armour "Ydack" {-Cast +Blink rCorr Int+9}
   (Okawaru gifted it to you on level 2 of the Vaults)

   It affects your intelligence (+9).
   It lets you blink.
   It prevents spellcasting.
   It provides partial protection from all sources of acid and corrosion.
 s - the +0 hat of the Untouchables (worn) {Str+5 Int+4}
   (Okawaru gifted it to you on level 1 of the Spider Nest)

   It affects your strength (+5).
   It affects your intelligence (+4).
 x - a +2 pair of gloves of strength (worn)
 y - the +7 chain mail of the Moon (worn) {rN+ Str+2 Dex+7}
   (Okawaru gifted it to you on level 3 of the Crypt)

   It affects your strength (+2).
   It affects your dexterity (+7).
   It protects you from negative energy.
 B - the -3 helmet of Hunwek {rF++}
   (You bought it in a shop on level 2 of the Vaults)

   It greatly protects you from fire.
 I - the +2 pair of gloves of Gaazyept {rN+}
   (Okawaru gifted it to you on level 1 of the Realm of Zot)

   It protects you from negative energy.
 J - the -2 pair of boots of the Tarantula (worn) {rF+ Dex+4}
   (Okawaru gifted it to you on level 1 of the Vaults)

   It affects your dexterity (+4).
   It protects you from fire.
 P - the +0 cloak "Jawk" (worn) {+Blink Regen+ Stlth-}
   (You found it in the Desolation of Salt)

   It lets you blink.
   It increases your rate of regeneration.
   It makes you less stealthy.
Jewellery
 q - the ring of Tempters {+Inv +Fly rC- SInv}
   (You found it in the Desolation of Salt)

   [ring of see invisible]

   It makes you vulnerable to cold.
   It lets you see invisible.
   It lets you turn invisible.
   It lets you fly.
 A - the ring "Vaosay" {Ice Str-3 Slay+6 SInv Stlth+}
   (You found it on level 3 of the Elven Halls)

   [ring of ice]

   It enhances your ice magic.
   It affects your strength (-3).
   It affects your accuracy and damage with ranged weapons and melee attacks
   (+6).
   It makes you vulnerable to fire.
   It protects you from cold.
   It lets you see invisible.
   It makes you more stealthy.
 C - the ring "Gewneock" {rN+ AC+3 Str+2}
   (You found it on level 5 of the Dungeon)

   [ring of protection]

   It affects your AC (+3).
   It affects your strength (+2).
   It protects you from negative energy.
 E - an amulet of regeneration (around neck)
 O - the ring "Nuonteor" (left hand) {*Slow rPois rF+ rN+}
   (You found it in the Desolation of Salt)

   [ring of positive energy]

   It protects you from fire.
   It protects you from poison.
   It protects you from negative energy.
   It may slow you when you take damage.
 Z - the ring of the Mutiny (right hand) {rCorr rElec rN+ Int+3}
   (You took it off a merfolk siren on level 4 of the Shoals)

   [ring of resist corrosion]

   It affects your intelligence (+3).
   It insulates you from electricity.
   It protects you from negative energy.
Wands
 p - a wand of paralysis (33)
 u - a wand of clouds (3)
 N - a wand of digging (7)
Scrolls
 c - 9 scrolls of fog
 e - 22 scrolls of remove curse
 g - 15 scrolls of immolation
 v - 20 scrolls of teleportation
 D - 3 scrolls of silence
 H - 10 scrolls of fear
 K - 4 scrolls of magic mapping
 L - a scroll of holy word
 T - 6 scrolls of identify
 V - 4 scrolls of blinking
 Y - a scroll of summoning
Potions
 a - 7 potions of agility
 b - 9 potions of flight
 d - 10 potions of might
 h - 13 potions of heal wounds
 i - 5 potions of magic
 j - 7 potions of brilliance
 m - 31 potions of curing
 n - 4 potions of berserk rage
 o - 15 potions of lignification
 r - 7 potions of haste
 G - 6 potions of resistance
 M - 9 potions of ambrosia
 Q - 6 potions of cancellation
 U - 7 potions of invisibility
Comestibles
 f - 52 rations


   Skills:
 O Level 27 Fighting
 - Level 17.9(23.9) Axes
 - Level 6.4(17.0) Maces & Flails
 - Level 6.9(17.2) Polearms
 + Level 10.4(15.4) Slings
 + Level 1.2(11.7) Throwing
 + Level 21.7(26.7) Armour
 + Level 16.1(21.1) Dodging
 + Level 5.9(10.9) Stealth
 - Level 25.0(27) Shields
 * Level 10.8 Spellcasting
 * Level 16.4 Hexes
 + Level 7.0 Charms
 * Level 12.1 Summonings
 + Level 7.6 Necromancy
 - Level 9.4 Invocations
 + Level 5.5 Evocations


You had 18 spell levels left.
You knew the following spells:

 Your Spells              Type           Power        Failure   Level  Hunger
a - Aura of Abjuration    Summ           #####.....   3%          5    #####..
b - Metabolic Englaciati  Hex/Ice        ####......   14%         5    #####..
c - Regeneration          Chrm/Necr      ####......   2%          3    None
d - Darkness              Hex            ######....   2%          6    ######.
e - Passage of Golubria   Tloc           N/A          83%         4    ###....
f - Invisibility          Hex            ######..     2%          6    ######.

Your spell library contained the following spells:

 Spells                   Type           Power        Failure   Level  Hunger
 Animate Skeleton         Necr           N/A          1%          1    None
 Confusing Touch          Hex            ######       1%          1    None
 Corona                   Hex            ######.      1%          1    None
 Pain                     Necr           ####         1%          1    None
 Summon Butterflies       Summ           #####...     1%          1    None
 Call Imp                 Summ           #####...     1%          2    None
 Corpse Rot               Necr           N/A          1%          2    None
 Slow                     Hex            ######..     1%          2    None
 Call Canine Familiar     Summ           #####...     1%          3    None
 Confuse                  Hex            ######..     1%          3    None
 Dazzling Spray           Conj/Hex       ####..       1%          3    None
 Inner Flame              Hex/Fire       ####....     1%          3    None
 Portal Projectile        Hex/Tloc       ####..       1%          3    None
 Tukima's Dance           Hex            ######..     1%          3    None
 Vampiric Draining        Necr           ####......   1%          3    None
 Cause Fear               Hex            ######....   1%          4    ###....
 Summon Mana Viper        Hex/Summ       ######..     1%          5    #####..
 Recall                   Summ/Tloc      N/A          3%          3    None
 Summon Demon             Summ           #####.....   3%          5    #####..
 Fulminant Prism          Conj/Hex       ####......   4%          4    ###....
 Leda's Liquefaction      Hex/Erth       ####......   4%          4    ###....
 Swiftness                Chrm/Air       ###.....     5%          2    None
 Animate Dead             Necr           N/A          6%          4    ###....
 Ozocubu's Armour         Chrm/Ice       ###.....     11%         3    None
 Summon Ice Beast         Ice/Summ       ####....     12%         4    ###....
 Summon Lightning Spire   Summ/Air       ####....     12%         4    ###....
 Silence                  Hex/Air        ####......   14%         5    #####..
 Yara's Violent Unravell  Hex/Tmut       ####......   14%         5    #####..
 Flame Tongue             Conj/Fire      #....        16%         1    None
 Freeze                   Ice            #...         16%         1    None
 Magic Dart               Conj           #...         16%         1    None
 Sandblast                Erth           #.....       16%         1    None
 Shock                    Conj/Air       #...         16%         1    None
 Sting                    Conj/Pois      #...         16%         1    None
 Shadow Creatures         Summ           N/A          16%         6    ######.
 Agony                    Necr           ####....     19%         5    #####..
 Excruciating Wounds      Chrm/Necr      ####......   21%         5    #####..
 Passwall                 Tmut/Erth      #.......     22%         2    None
 Poisonous Vapours        Pois/Air       #.....       22%         2    None
 Searing Ray              Conj           #.....       22%         2    None
 Sticks to Snakes         Tmut           #.......     22%         2    None
 Throw Flame              Conj/Fire      #.....       22%         2    None
 Throw Frost              Conj/Ice       #.....       22%         2    None
 Summon Forest            Summ/Tloc      ####......   34%         5    #####..
 Gell's Gravitas          Tloc           #.........   41%         3    None
 Ignite Poison            Fire/Tmut/Pois #.......     41%         3    None
 Mephitic Cloud           Conj/Pois/Air  #.......     41%         3    None
 Spider Form              Tmut/Pois      #.........   41%         3    None
 Static Discharge         Conj/Air       #.......     41%         3    None
 Stone Arrow              Conj/Erth      #.....       41%         3    None
 Bolt of Draining         Conj/Necr      ###.......   65%         5    #####..
 Borgnjor's Vile Clutch   Necr/Erth      ###.......   65%         5    #####..
 Summon Hydra             Summ           #####.....   65%         7    #######
 Iskenderun's Battlesphe  Conj/Chrm      ###.....     69%         5    #####..
 Death Channel            Necr           ####......   69%         6    ######.
 Discord                  Hex            ######....   75%         8    #######
 Force Lance              Conj/Tloc      #.......     83%         4    ###....
 Ice Form                 Ice/Tmut       #.......     83%         4    ###....
 Iskenderun's Mystic Bla  Conj           #.......     83%         4    ###....
 Olgreb's Toxic Radiance  Pois           #.......     83%         4    ###....
 Petrify                  Tmut/Erth      #.......     83%         4    ###....
 Throw Icicle             Conj/Ice       #.......     83%         4    ###....
 Haunt                    Necr/Summ      #####.....   91%         7    #######
 Bolt of Magma            Conj/Fire/Erth #.........   99%         5    #####..
 Fireball                 Conj/Fire      #.........   99%         5    #####..
 Irradiate                Conj/Tmut      #.........   99%         5    #####..
 Lee's Rapid Deconstruct  Erth           #.........   99%         5    #####..
 Lightning Bolt           Conj/Air       #.........   99%         5    #####..
 Venom Bolt               Conj/Pois      #.........   99%         5    #####..
 Deflect Missiles         Chrm/Air       ###.......   99%         6    ######.
 Simulacrum               Ice/Necr       ###.......   99%         6    ######.
 Bolt of Cold             Conj/Ice       #.........   100%        6    ######.
 Bolt of Fire             Conj/Fire      #.........   100%        6    ######.
 Conjure Ball Lightning   Conj/Air       #.........   100%        6    ######.
 Freezing Cloud           Conj/Ice/Air   #.........   100%        6    ######.
 Hydra Form               Tmut           #.........   100%        6    ######.
 Iron Shot                Conj/Erth      #.........   100%        6    ######.
 Ozocubu's Refrigeration  Ice            #.........   100%        6    ######.
 Statue Form              Tmut/Erth      #........    100%        6    ######.
 Dragon Form              Tmut           #.........   100%        7    #######
 Orb of Destruction       Conj           #.........   100%        7    #######
 Ring of Flames           Chrm/Fire      ###.......   100%        7    #######
 Spellforged Servitor     Conj/Summ      ####......   100%        7    #######
 Borgnjor's Revivificati  Necr           ####......   100%        8    #######
 Death's Door             Chrm/Necr      ####......   100%        8    #######
 Ignition                 Fire           #.........   100%        8    #######
 Infestation              Necr           ####......   100%        8    #######
 Necromutation            Tmut/Necr      ###.......   100%        8    #######
 Dragon's Call            Summ           #####.....   100%        9    #######
 Shatter                  Erth           #.........   100%        9    #######
 Tornado                  Air            #.........   100%        9    #######


Dungeon Overview and Level Annotations

Branches:
Dungeon (15/15)            Temple (0/1) D:6            Lair (6/6) D:8
 Shoals (4/4) Lair:2       Spider (4/4) Lair:3        Slime (0/5) Lair:5
    Orc (2/2) D:11            Elf (3/3) Orc:2        Vaults (5/5) D:13
  Crypt (3/3) Vaults:3       Tomb (0/3) Crypt:3      Depths (5/5) D:15
    Zot (5/5) Depths:5

Altars:
Ashenzari
Cheibriados
Elyvilon
Gozag
Kikubaaqudgha
Makhleb
Okawaru
Qazlal
Sif Muna
Trog
Wu Jian
Zin
Jiyva

Shops:
D:4 (   Orc:2 !!*[   Elf:1 ==}   Elf:2 }   Shoals:4 [   Vaults:2 [*[
Vaults:4 }   Depths:1 **   Depths:3 }*!*:   Depths:5 ?

Portals:
Hell: Depths:1 Depths:2 Depths:3 Depths:4 Depths:5
Abyss: Depths:1 Depths:4 Depths:5
Pandemonium: Depths:3
Ziggurat: Depths:5

Annotations:
D:3 1 runed translucent door, vishdafish's ghost, amateur NaFi
D:9 1 runed translucent door, Irenicus's ghost, novice DDEE


Innate Abilities, Weirdness & Mutations

You have sharp fingernails.
You are partially covered in yellow scales. (AC +2)
You can translocate small distances at will.
You are clumsy. (Dex -2)
Your flesh is cold resistant. (rC+)
Your body sometimes deteriorates upon taking damage.
You are frail. (-10% HP)
Your natural rate of healing is unusually fast.
You are resistant to electric shocks. (rElec)


Message History

The -2 pair of boots of the Tarantula {rF+ Dex+4} unmelds from your body.
The +7 chain mail of the Moon {rN+ Str+2 Dex+7} unmelds from your body.
You feel stronger.
Your skin stops crawling.
The chaos spawn is engulfed in freezing vapours.
The ynoxinul gestures.
You block Utuo's attack.
You feel yourself speed up.
The lich points at you and mumbles some strange words.
You feel haunted. You block Utuo's attack. You block the orange demon's attack.
The lich gestures at you while chanting.
You resist with some effort.
A profane servitor comes into view.
It is wielding a +3 demon whip of venom.
As you read the scroll of teleportation, it crumbles to dust.
You feel strangely unstable.
You feel the Orb delaying your translocation!
The ufetubus is engulfed in freezing vapours.
Utuo gestures at you.
Utuo conjures a mighty blast of ice!
The great icy blast engulfs you!!!
You die...

####.##..4......#
####.#..##.........#
##.#.....##.........#
##....#...##.........#
##..#.##...##.........#
##..#####...##.^.......#
##.#..# #...##.........#
##..#.## #W..##.........#
##..##.#####.§@##.........#
#..##........4&L#.........#
####........AW.344........#
#####..........515.....°....#
....###.........°.°.........#
...#####......°1°.○☼.°......#
##...........⌠...°..........#
#...............○..○........#
.............§☼§..§☼........#


You could see Utuo, a profane servitor, 2 Hell Sentinels, a lich, an orange
demon, a hellwing, a ynoxinul, a chaos spawn, 2 wraiths and 2 ufetubi.

Vanquished Creatures
  6 ancient liches
  7 orbs of fire
  2 juggernauts (Depths:2)
  Bai Suzhen (Vaults:5)
  Boris (Vaults:3)
  Sojobo (Depths:5)
  12 Killer Klowns
  3 curse toes
  A caustic shrike (Depths:2)
  Xtahua (Crypt:3)
  5 golden dragons
  Nikola (Shoals:2)
  The ghost of Guuvih the Brawler, an adept OgTm of Okawaru (Vaults:4)
  A bone dragon (Abyss:5)
  4 electric golems
  16 tentacled monstrosities
  10 liches
  26 Orb Guardians
  5 quicksilver dragons
  The ghost of DungeonDestroyer the Warrior, an adept MiFi of Trog (Depths:1)
  9 titans
  3 deep elf blademasters
  A deep elf master archer (Elf:3)
  10 sphinxes
  10 death cobs
  4 tentacled starspawn (Abyss:3)
  Kirke (Shoals:1)
  5 ancient champions
  Agnes (Spider:4)
  6 draconian monks
  The ghost of Yjimoseergh the Spry, an adept SpFE of Dithmenos (Vaults:4)
  5 revenants
  14 storm dragons
  10 shadow dragons
  3 draconian knights (Zot:2)
  14 fire giants
  10 tengu reavers
  16 frost giants
  2 iron dragons
  3 draconian scorchers
  13 deep elf sorcerers
  An imperial myrmidon (Desolation)
  8 ghost moths
  13 vault wardens
  A balrug (Depths:2)
  An orc warlord (Orc:1)
  6 draconian shifters
  17 ironheart preservers
  A cacodemon (Depths:3)
  4 draconian stormcallers
  9 emperor scorpions
  2 ghouls (Crypt:3)
  26 stone giants
  A war gargoyle (Vaults:5)
  A spriggan defender (Depths:2)
  3 draconian annihilators (Zot:2)
  23 very ugly things
  A reaper (Crypt:3)
  3 entropy weavers (Spider:1)
  A blood saint (Zot:1)
  10 vampire knights
  6 green draconians
  10 yellow draconians
  8 black draconians
  9 deep elf demonologists
  10 white draconians
  11 deep elf annihilators
  A halazid warlock (Desolation)
  11 purple draconians
  7 red draconians
  6 spark wasps
  2 merfolk javelineers
  27 ettins
  9 merfolk impalers
  7 eidola
  12 fire dragons
  4 deep elf high priests (Elf:3)
  14 jiangshi
  A blizzard demon (Zot:1)
  4 crystal guardians (Desolation)
  The ghost of Kotami the Carver, a journeyman OpFi of Dithmenos (Lair:2)
  17 ogre magi
  11 yaktaur captains
  10 great orbs of eyes
  8 ragged hierophants (Desolation)
  13 deep elf death magi
  A green death (Abyss:3)
  15 ice dragons
  A quicksilver dragon skeleton (Depths:3)
  A monstrous demonspawn (Depths:3)
  29 vault guards
  4 rakshasas
  17 servants of whispers (Desolation)
  The ghost of Bauqient the Spear-Bearer, a journeyman MfSu of Sif Muna (Lair:1)
  9 centaur warriors
  7 peacekeepers (Desolation)
  A catoblepas (Elf:3)
  23 hydras
  5 spriggan air magi
  The ghost of MordorOrchid the Martial Artist, a journeyman DsTm of Gozag (D:12)
  4 satyrs
  3 merfolk avatars
  54 two-headed ogres
  31 dancing weapons
  6 deep troll shamans
  Erica (D:8)
  9 merfolk aquamancers
  7 death knights
  A two-headed ogre (shapeshifter) (Elf:2)
  3 hell hogs (Abyss:5)
  11 vampire magi
  10 thrashing horrors
  8 tengu warriors
  An orc high priest (Orc:1)
  5 deep troll earth magi
  29 deep elf knights
  Sonja (Lair:1)
  14 spriggan berserkers
  6 hell knights (Depths:3)
  3 storm dragon zombies
  3 soul eaters
  4 iron trolls
  A storm dragon skeleton (Depths:4)
  8 shadow wraiths
  2 spectral catoblepas (Lair:1)
  2 sun demons (Depths:2)
  2 titan skeletons
  2 sixfirhies
  17 skeletal warriors
  14 sea snakes
  3 glowing orange brains
  6 unseen horrors
  13 flayed ghosts
  A glowing orange brain (shapeshifter) (Depths:3)
  5 wizards
  An obsidian statue (Depths:1)
  A sea snake (shapeshifter) (Vaults:5)
  23 deep trolls
  5 phantasmal warriors
  19 orc knights
  8 necromancers
  19 ironbrand convokers
  9 deep elf archers
  65 deep elf magi
  A wolf spider zombie (D:15)
  22 wolf spiders
  20 harpies
  A shining eye (shapeshifter) (Vaults:5)
  21 orb spiders
  3 orc sorcerers
  An oklob plant (D:12)
  A golden dragon skeleton (Crypt:3)
  2 elephants (shapeshifter)
  A manticore (shapeshifter) (Vaults:5)
  22 moths of wrath
  9 cyclopes
  A mana viper (shapeshifter) (Vaults:5)
  7 merfolk sirens
  3 moths of wrath (shapeshifter)
  A salamander (Depths:1)
  17 fauns
  A frost giant skeleton (Depths:3)
  34 ugly things
  3 fire giant skeletons
  7 elephants
  22 manticores
  A rust devil (Depths:3)
  A stone giant skeleton (Crypt:1)
  3 black mambas
  A torpor snail (Lair:2)
  A naga mage (D:15)
  15 vault sentinels
  A molten gargoyle (Desolation)
  5 water nymphs
  The ghost of bmj180 the Chopper, a novice MiMo (D:5)
  5 ice statues (IceCv)
  9 guardian serpents
  A spiny frog (shapeshifter) (Vaults:5)
  29 spiny frogs
  2 water nymphs (shapeshifter)
  4 gargoyles (D:13)
  4 smoke demons
  A hellion (Depths:1)
  2 rime drakes (shapeshifter)
  3 kobold demonologists
  2 rime drakes
  An efreet (Zot:1)
  13 freezing wraiths
  10 komodo dragons
  A tormentor (Zot:1)
  2 anaconda simulacra (IceCv)
  9 demonic crawlers
  A grey draconian skeleton (Crypt:1)
  A hellwing (Depths:1)
  2 catoblepas skeletons
  3 human skeletons
  20 yaktaurs
  4 tengu conjurers
  3 ancient zymes
  21 merfolk
  A guardian mummy (Crypt:3)
  A red devil (Depths:1)
  A silent spectre (Abyss:3)
  A yaktaur (shapeshifter) (Vaults:5)
  A merfolk (shapeshifter) (Vaults:1)
  A death drake zombie (Crypt:2)
  2 meliai (shapeshifter)
  2 jumping spiders (shapeshifter)
  12 trolls
  5 tyrant leeches
  28 jumping spiders
  3 meliai (D:15)
  7 wind drakes
  85 saltlings
  A blink frog (shapeshifter) (Depths:2)
  24 blink frogs
  Grinder (D:6)
  A raiju (shapeshifter) (Vaults:4)
  A dream sheep (shapeshifter) (Vaults:2)
  3 polar bears
  A hornet (shapeshifter) (Vaults:2)
  7 raiju
  16 hornets
  A death drake skeleton (Crypt:1)
  A snapping turtle (shapeshifter) (Depths:2)
  A stone giant simulacrum (Vaults:1)
  2 human simulacra (Vaults:3)
  An ettin zombie (Crypt:3)
  24 slime creatures
  13 dream sheep
  2 meliai zombies
  9 snapping turtles
  11 hippogriffs
  A centaur simulacrum (D:15)
  44 redbacks
  3 vampires
  A spriggan (shapeshifter) (Depths:2)
  10 flying skulls
  7 spriggans
  A wind drake zombie (Crypt:3)
  4 shadows
  An air elemental (Elf:3)
  3 ynoxinuls
  10 wraiths
  36 water elementals
  31 tarantellas
  2 wyverns (D:12)
  A black mamba zombie (Crypt:3)
  A dire elephant simulacrum (IceCv)
  73 yaks
  Eustachio (D:4)
  2 fire elementals
  4 hogs
  A basilisk (shapeshifter) (Depths:2)
  2 basilisks
  2 chaos spawn
  A fire bat (shapeshifter) (Vaults:1)
  2 neqoxecs (Abyss:3)
  A steam dragon (D:9)
  15 vampire mosquitoes
  3 yaktaur simulacra
  4 hungry ghosts
  Menkaure (D:6)
  An infernal demonspawn zombie (Crypt:2)
  19 large abominations
  An iron troll simulacrum (IceCv)
  3 harpy simulacra (IceCv)
  10 wargs
  20 small abominations
  4 acid dragons
  A deep troll skeleton (Vaults:5)
  11 water moccasins
  8 hell hounds
  2 hydra simulacra
  Duvessa (D:6)
  8 ice beasts
  52 orc warriors
  16 porcupines
  3 sky beasts
  3 floating eyes
  8 black bears
  An ettin simulacrum (IceCv)
  An eye of draining (shapeshifter) (Depths:1)
  2 hornet zombies
  An eye of draining (Zot:5)
  4 phantoms
  A black mamba simulacrum (Lair:1)
  44 wolves
  26 centaurs
  12 boggarts
  2 necrophages
  35 ogres
  A lindwurm skeleton (Crypt:3)
  A crocodile (shapeshifter) (Vaults:5)
  3 big kobolds
  13 crocodiles
  27 bullfrogs
  A draconian zombie (Crypt:1)
  A gnoll sergeant (D:8)
  2 spiny frog simulacra (Lair:1)
  A yaktaur skeleton (Vaults:1)
  7 earth elementals
  Dowan (D:6)
  A cyclops skeleton (Crypt:3)
  A wyvern skeleton (D:13)
  5 scorpions
  23 killer bees
  A water moccasin skeleton (Crypt:2)
  A warg skeleton (Crypt:1)
  A dream sheep simulacrum (Lair:1)
  2 orc simulacra
  29 wights
  An electric eel (Spider:1)
  3 howler monkeys (D:10)
  11 crimson imps
  3 bullfrog zombies
  3 human zombies
  4 starcursed masses (Abyss:3)
  2 bullfrog skeletons
  17 orc wizards
  A quasit (Abyss:3)
  8 hounds
  3 centaur zombies
  4 jellies
  Crazy Yiuf (D:4)
  18 orc priests
  A basilisk zombie (Crypt:3)
  2 iron imps (Depths:3)
  6 centaur skeletons
  Terence (D:2)
  3 iguanas
  7 worker ants
  A naga zombie (Crypt:3)
  A big kobold zombie (Ossuary)
  2 hound zombies
  15 mummies
  3 worker ant zombies
  6 gnolls
  A howler monkey skeleton (D:6)
  13 adders
  6 shadow imps
  3 white imps
  An ufetubus (Depths:3)
  An ooze (D:1)
  A halfling zombie (Crypt:2)
  A lava snake zombie (Crypt:1)
  3 worms
  A worm (shapeshifter) (Vaults:1)
  9 leopard geckos
  101 orcs
  8 giant cockroaches
  2 gnoll zombies (Ossuary)
  3 goblins
  6 hobgoblins
  8 jackals
  20 kobolds
  6 quokkas
  A ball python (D:3)
  3 ball python skeletons
  5 bats
  A frilled lizard (D:5)
  A giant cockroach zombie (D:5)
  A kobold zombie (Ossuary)
  An orc zombie (Ossuary)
  5 rats
  A river rat skeleton (Crypt:1)
  3 crawling corpses
  12 plants
  9 starspawn tentacles (Abyss:3)
2858 creatures vanquished.

Vanquished Creatures (collateral kills)
  A killer bee (D:8)
  An iguana (D:8)
  An adder skeleton (D:8)
3 creatures vanquished.

Vanquished Creatures (others)
  A fire giant (Depths:1)
  A vault warden (Vaults:5)
  2 stone giants
  An ironheart preserver (Vaults:4)
  A purple draconian (Zot:2)
  A merfolk javelineer (Shoals:4)
  A fire dragon (Elf:3)
  3 yaktaur captains
  A vault guard (Vaults:5)
  A centaur warrior (Orc:2)
  A death knight (Vaults:4)
  A satyr (Shoals:4)
  An ogre mage (Vaults:5)
  An unseen horror (D:13)
  A deep elf archer (Elf:2)
  A phantasmal warrior (Vaults:5)
  A cyclops (D:13)
  A deep elf mage (Vaults:4)
  4 yaktaurs
  A spriggan (shapeshifter) (Vaults:3)
  2 golden eyes (Abyss:3)
  An orc warrior (Orc:2)
  A boggart (Depths:2)
  A fire dragon simulacrum (Abyss:3)
  2 ogres (Vaults:5)
  7 centaurs
  2 orcs (Orc:2)
  A quokka (D:4)
  5 fungi
  59 plants
  5 starspawn tentacles (Abyss:3)
  8 tentacles (Shoals:4)
120 creatures vanquished.

Grand Total: 2981 creatures vanquished

Notes
Turn   | Place    | Note
-------+----------+-------------------------------------------
     0 | D:1      | Kairos the Hill Orc Fighter began the quest for the Orb.
     0 | D:1      | Reached XP level 1. HP: 19/19 MP: 1/1
   173 | D:1      | Reached XP level 2. HP: 17/27 MP: 2/2
   790 | D:2      | Reached skill level 4 in Fighting
   790 | D:2      | Reached XP level 3. HP: 33/33 MP: 3/3
   804 | D:2      | Noticed Terence
   817 | D:2      | Killed Terence
  1046 | D:2      | You fall through a shaft!
  1052 | D:3      | Reached XP level 4. HP: 40/40 MP: 4/4
  1837 | D:3      | Noticed a centaur
  1848 | D:3      | Killed a centaur
  1848 | D:3      | Reached XP level 5. HP: 20/47 MP: 5/5
  2029 | D:3      | Found a runed translucent door.
  2045 | D:3      | Noticed vishdafish's ghost (amateur NaFi)
  2319 | D:3      | Reached skill level 1 in Dodging
  2346 | D:3      | Found a faded altar of an unknown god.
  2704 | D:4      | Noticed Eustachio
  3021 | D:4      | Killed Eustachio
  3021 | D:4      | Reached skill level 5 in Axes
  3021 | D:4      | Reached skill level 5 in Shields
  3021 | D:4      | Reached XP level 6. HP: 44/53 MP: 6/6
  3094 | D:4      | Found Nen Jem's Weapon Boutique.
  3100 | D:4      | Reached skill level 5 in Armour
  3241 | D:4      | Found a white marble altar of Elyvilon.
  3331 | D:4      | Reached XP level 7. HP: 60/60 MP: 7/7
  3705 | D:4      | Found a deep blue altar of Sif Muna.
  4377 | D:4      | Reached skill level 5 in Fighting
  4410 | D:4      | Reached XP level 8. HP: 40/68 MP: 8/8
  4487 | D:4      | Found a runed translucent door.
  4616 | D:4      | Noticed Crazy Yiuf
  4622 | D:4      | Killed Crazy Yiuf
  4758 | D:5      | Entered Level 5 of the Dungeon
  4763 | D:5      | Found a glowing silver altar of Zin.
  4763 | D:5      | Found a shattered altar of Ashenzari.
  4763 | D:5      | Found a bloodstained altar of Trog.
  4763 | D:5      | Found an ancient bone altar of Kikubaaqudgha.
  5464 | D:5      | Found a runed translucent door.
  5466 | D:5      | Noticed bmj180's ghost (novice MiMo)
  5655 | D:5      | Found an iron altar of Okawaru.
  5661 | D:5      | Became a worshipper of Warmaster Okawaru
  6002 | D:6      | Noticed Grinder
  6018 | D:6      | Killed Grinder
  6018 | D:6      | Reached XP level 9. HP: 65/75 MP: 9/9
  6052 | D:6      | Reached skill level 6 in Fighting
  6091 | D:6      | Found a staircase to the Ecumenical Temple.
  6162 | D:6      | Noticed Menkaure
  6169 | D:6      | Killed Menkaure
  6169 | D:6      | Reached * piety under Okawaru
  6522 | D:6      | Found a snail-covered altar of Cheibriados.
  6901 | D:6      | Noticed Duvessa
  6901 | D:6      | Noticed Dowan
  6927 | D:6      | Killed Duvessa
  6951 | D:6      | Killed Dowan
  7113 | D:7      | Reached skill level 10 in Axes
  7193 | D:7      | Reached ** piety under Okawaru
  7217 | D:7      | Found an opulent altar of Gozag.
  7457 | D:7      | Found a sand-covered staircase.
  7556 | Ossuary  | Entered an ossuary
  7971 | Ossuary  | Reached XP level 10. HP: 84/84 MP: 10/10
  8016 | D:7      | Reached skill level 7 in Fighting
  8737 | D:7      | Reached *** piety under Okawaru
  9038 | D:8      | Noticed a two-headed ogre
  9216 | D:8      | Reached skill level 1 in Evocations
  9301 | D:8      | Got a distressingly furry hat
  9307 | D:8      | Identified the +2 hat of the Thistle {*Corrode rN++} (You
                  | found it on level 8 of the Dungeon)
  9487 | D:8      | Found a staircase to the Lair.
  9513 | D:8      | Found a stormy altar of Qazlal.
  9560 | D:8      | Noticed Erica
 10094 | D:8      | Killed Erica
 10101 | D:8      | Reached **** piety under Okawaru
 10173 | D:8      | Killed a two-headed ogre
 10173 | D:8      | Reached skill level 1 in Invocations
 10384 | D:9      | Reached XP level 11. HP: 76/94 MP: 12/12
 10443 | D:9      | Reached skill level 10 in Shields
 10830 | D:9      | Found a burning altar of Makhleb.
 10830 | D:9      | Noticed a blizzard demon
 10860 | D:9      | Found a runed translucent door.
 10864 | D:9      | Identified the +7 spear of the Ninety-Nine Lies {flame, MR+
                  | Str+2 Dex+3}
 10864 | D:9      | Noticed Irenicus's ghost (novice DDEE)
 11042 | D:10     | Entered Level 10 of the Dungeon
 11095 | D:10     | Reached skill level 8 in Fighting
 11829 | D:11     | Noticed a cyclops
 11829 | D:11     | Noticed a deep elf mage
 11848 | D:11     | Killed a cyclops
 11848 | D:11     | Reached ***** piety under Okawaru
 11848 | D:11     | Killed a deep elf mage
 11906 | D:11     | Found an ornate altar of the Wu Jian Council.
 11918 | D:11     | Noticed a green ugly thing
 11934 | D:11     | Killed a green ugly thing
 11945 | D:11     | Noticed a cyclops
 11956 | D:11     | Killed a cyclops
 12101 | D:11     | Noticed a moth of wrath
 12101 | D:11     | a wind drake changed into a moth of wrath
 12106 | D:11     | Killed a moth of wrath
 12106 | D:11     | Received a gift from Okawaru
 12147 | D:11     | Got a polished broad axe {god gift}
 12148 | D:11     | Identified the +8 broad axe of Ylarchacs {holy, rC- rN+++
                  | Dex+9} (Okawaru gifted it to you on level 11 of the
                  | Dungeon)
 12305 | D:11     | Reached XP level 12. HP: 80/103 MP: 4/14
 12322 | D:11     | Found a staircase to the Orcish Mines.
 12425 | D:11     | Reached skill level 15 in Axes
 12535 | D:11     | Noticed a death knight
 12550 | D:11     | Killed a death knight
 12550 | D:11     | Reached skill level 9 in Fighting
 13023 | D:4      | Bought the +10 broad axe of Nyshremmun {chop, rElec} for
                  | 840 gold pieces
 13129 | Lair:1   | Entered Level 1 of the Lair of Beasts
 13157 | Lair:1   | Noticed a six-headed hydra
 13163 | Lair:1   | Noticed Sonja
 13167 | Lair:1   | Killed a six-headed hydra
 13178 | Lair:1   | Killed Sonja
 13249 | Lair:1   | Reached skill level 1 in Maces & Flails
 13258 | Lair:1   | Noticed a four-headed hydra
 13277 | Lair:1   | Received a gift from Okawaru
 13341 | Lair:1   | Killed a four-headed hydra
 13522 | Lair:1   | Found a runed translucent gate.
 13523 | Lair:1   | Found a runed translucent gate.
 13523 | Lair:1   | Found a runed translucent gate.
 13528 | Lair:1   | Noticed Bauqient's ghost (journeyman MfSu)
 13568 | Lair:1   | Reached skill level 10 in Fighting
 13568 | Lair:1   | Reached skill level 1 in Stealth
 13586 | Lair:1   | Killed Bauqient's ghost
 13586 | Lair:1   | Received a gift from Okawaru
 13586 | Lair:1   | Reached XP level 13. HP: 54/113 MP: 13/16
 14833 | Lair:2   | Found a runed translucent gate.
 14836 | Lair:2   | Found a runed translucent gate.
 14837 | Lair:2   | Found a runed translucent gate.
 14839 | Lair:2   | Noticed Kotami's ghost (journeyman OpFi)
 14855 | Lair:2   | Killed Kotami's ghost
 15065 | Lair:2   | Found a staircase to the Shoals.
 15310 | Lair:3   | Found a hole to the Spider Nest.
 15434 | Lair:3   | Reached skill level 11 in Fighting
 15676 | Lair:3   | Received a gift from Okawaru
 15779 | Lair:3   | Found an ancient bone altar of Kikubaaqudgha.
 16844 | Lair:5   | Reached skill level 10 in Armour
 16856 | Lair:5   | Found a viscous altar of Jiyva.
 16856 | Lair:5   | Found a staircase to the Slime Pits.
 16879 | Lair:5   | Reached XP level 14. HP: 107/124 MP: 17/17
 16893 | Lair:5   | Reached ****** piety under Okawaru
 16983 | Lair:5   | Reached skill level 12 in Fighting
 17176 | Lair:5   | Found an iron altar of Okawaru.
 17622 | Lair:6   | Entered Level 6 of the Lair of Beasts
 18162 | Lair:5   | Reached skill level 13 in Fighting
 18241 | Lair:5   | Received a gift from Okawaru
 18491 | Lair:6   | Reached skill level 5 in Invocations
 18491 | Lair:6   | Reached XP level 15. HP: 70/136 MP: 15/18
 18610 | Lair:6   | Received a gift from Okawaru
 18685 | Lair:6   | Got a heavily runed scale mail
 18696 | Lair:6   | Identified the +7 scale mail "Govvi" {+Blink rC+ rN+ MP+9}
                  | (You found it on level 6 of the Lair of Beasts)
 18703 | Lair:6   | Got a pair of faintly humming boots
 18709 | Lair:6   | Identified the +1 pair of boots of Linko {rC+} (You found
                  | it on level 6 of the Lair of Beasts)
 18764 | Lair:6   | Reached skill level 15 in Shields
 19269 | Spider:1 | Entered Level 1 of the Spider Nest
 19304 | Spider:1 | Noticed an emperor scorpion
 19313 | Spider:1 | Received a gift from Okawaru
 19496 | Spider:1 | Killed an emperor scorpion
 19496 | Spider:1 | Reached skill level 14 in Fighting
 19571 | Spider:1 | Got a shimmering hat {god gift}
 19582 | Spider:1 | Identified the +0 hat of the Untouchables {Str+5 Int+4}
                  | (Okawaru gifted it to you on level 1 of the Spider Nest)
 19670 | Spider:1 | Noticed an emperor scorpion
 19684 | Spider:1 | Killed an emperor scorpion
 20724 | Spider:2 | Received a gift from Okawaru
 20800 | Spider:2 | Reached XP level 16. HP: 147/147 MP: 20/20
 21810 | Spider:3 | Reached skill level 15 in Fighting
 22134 | Spider:4 | Entered Level 4 of the Spider Nest
 22170 | Spider:4 | Noticed Agnes
 22173 | Spider:4 | Reached skill level 5 in Dodging
 22190 | Spider:4 | Killed Agnes
 22223 | Spider:4 | Found a frozen archway.
 22246 | IceCv    | Entered an ice cave
 22781 | Spider:4 | Received a gift from Okawaru
 22991 | Spider:4 | Reached skill level 16 in Fighting
 23819 | Spider:4 | Reached XP level 17. HP: 81/159 MP: 21/21
 24413 | Spider:4 | Got a gossamer rune of Zot
 24468 | Spider:3 | Gained mutation: Your flesh is cold resistant. (rC+)
                  | [potion of mutation]
 24468 | Spider:3 | Gained mutation: Armour fits poorly on your strangely
                  | shaped body. [potion of mutation]
 24468 | Spider:3 | Gained mutation: Your system is resistant to poisons.
                  | (rPois) [potion of mutation]
 24469 | Spider:3 | Lost mutation: Armour fits poorly on your strangely shaped
                  | body. [potion of mutation]
 24469 | Spider:3 | Lost mutation: Your flesh is cold resistant. (rC+) [potion
                  | of mutation]
 24469 | Spider:3 | Lost mutation: Your system is resistant to poisons. (rPois)
                  | [potion of mutation]
 24469 | Spider:3 | Gained mutation: Armour fits poorly on your strangely
                  | shaped body. [potion of mutation]
 24469 | Spider:3 | Gained mutation: Scrolls take you a little longer to read.
                  | [potion of mutation]
 24469 | Spider:3 | Gained mutation: You are dopey. (Int -2) [potion of
                  | mutation]
 24469 | Spider:3 | Gained mutation: You are agile. (Dex +2) [potion of
                  | mutation]
 24470 | Spider:3 | Lost mutation: Scrolls take you a little longer to read.
                  | [potion of mutation]
 24470 | Spider:3 | Lost mutation: You are agile. (Dex +2) [potion of mutation]
 24470 | Spider:3 | Lost mutation: You are dopey. (Int -2) [potion of mutation]
 24470 | Spider:3 | Lost mutation: Armour fits poorly on your strangely shaped
                  | body. [potion of mutation]
 24470 | Spider:3 | Gained mutation: Your body sometimes deteriorates upon
                  | taking damage. [potion of mutation]
 24470 | Spider:3 | Gained mutation: Your spells are a little easier to cast,
                  | but a little less powerful. [potion of mutation]
 24470 | Spider:3 | Gained mutation: You expend magic power (3 MP) to
                  | strengthen your wands. [potion of mutation]
 24471 | Spider:3 | Lost mutation: Your body sometimes deteriorates upon taking
                  | damage. [potion of mutation]
 24471 | Spider:3 | Lost mutation: You expend magic power (3 MP) to strengthen
                  | your wands. [potion of mutation]
 24471 | Spider:3 | Gained mutation: You are frail. (-10% HP) [potion of
                  | mutation]
 24471 | Spider:3 | Lost mutation: You are frail. (-10% HP) [potion of
                  | mutation]
 24471 | Spider:3 | Gained mutation: You passively map a small area around you.
                  | [potion of mutation]
 24577 | Shoals:1 | Entered Level 1 of the Shoals
 24648 | Shoals:1 | Received a gift from Okawaru
 25255 | Shoals:2 | Noticed Kirke
 25279 | Shoals:1 | Killed Kirke
 25401 | Shoals:2 | Noticed Nikola
 25444 | Shoals:2 | Reached skill level 17 in Fighting
 25445 | Shoals:2 | Killed Nikola
 25859 | Shoals:3 | Identified the +6 scale mail of Distant Worlds {rPois rC+
                  | Int+4} (You found it on level 3 of the Shoals)
 26120 | Shoals:3 | Received a gift from Okawaru
 26665 | Shoals:4 | Entered Level 4 of the Shoals
 26771 | Shoals:4 | Reached XP level 18. HP: 170/170 MP: 23/23
 26778 | Shoals:4 | Found Raotith's Armour Emporium.
 26875 | Shoals:4 | Identified the +11 fustibalus of Suipa {freeze, rElec rC-
                  | Str+6 SInv} (You found it on level 4 of the Shoals)
 26926 | Shoals:4 | Identified the cursed +3 hand axe "Merr" {venom, rElec MR+
                  | Str+4 Dex-5}
 26960 | Shoals:4 | Reached skill level 18 in Fighting
 27449 | Shoals:4 | Got a barnacled rune of Zot
 27515 | Shoals:4 | Identified the ring of the Mutiny {rCorr rElec rN+ Int+3}
 27652 | Shoals:4 | Received a gift from Okawaru
 27655 | Shoals:4 | Got a brightly glowing scale mail {god gift}
 27666 | Shoals:4 | Identified the +1 scale mail of the Learner {rCorr Str+2
                  | Int+3} (Okawaru gifted it to you on level 4 of the Shoals)
 28451 | Orc:1    | Entered Level 1 of the Orcish Mines
 28616 | Orc:2    | Entered Level 2 of the Orcish Mines
 29250 | Orc:2    | Found a staircase to the Elven Halls.
 29269 | Orc:2    | Reached skill level 19 in Fighting
 29501 | Orc:2    | Found Oteaniox's General Store.
 29501 | Orc:2    | Found Ifatan's Distillery.
 29503 | Orc:2    | Found Ciesol's Distillery.
 29505 | Orc:2    | Found Ihafiam's Antique Armour Shoppe.
 29519 | Orc:2    | Bought a potion of agility for 68 gold pieces
 29519 | Orc:2    | Bought a scroll of enchant weapon for 127 gold pieces
 29520 | Orc:2    | Bought a potion of mutation for 104 gold pieces
 29520 | Orc:2    | Bought a potion of resistance for 130 gold pieces
 29520 | Orc:2    | Bought 2 potions of heal wounds for 130 gold pieces
 29520 | Orc:2    | Bought a potion of invisibility for 104 gold pieces
 29522 | Orc:2    | Bought a potion of cancellation for 104 gold pieces
 29522 | Orc:2    | Bought a potion of haste for 130 gold pieces
 29529 | Orc:2    | Bought a potion of mutation for 104 gold pieces
 29532 | Orc:2    | Lost mutation: You passively map a small area around you.
                  | [potion of mutation]
 29532 | Orc:2    | Lost mutation: Your spells are a little easier to cast, but
                  | a little less powerful. [potion of mutation]
 29532 | Orc:2    | Gained mutation: You have sharp fingernails. [potion of
                  | mutation]
 29532 | Orc:2    | Gained mutation: You are frail. (-10% HP) [potion of
                  | mutation]
 29532 | Orc:2    | Gained mutation: You are partially covered in slimy green
                  | scales. (AC +2) [potion of mutation]
 29532 | Orc:2    | Gained mutation: You have large cloven feet. [potion of
                  | mutation]
 29533 | Orc:2    | Lost mutation: You are frail. (-10% HP) [potion of
                  | mutation]
 29533 | Orc:2    | Lost mutation: You have large cloven feet. [potion of
                  | mutation]
 29533 | Orc:2    | Gained mutation: Your flesh is cold resistant. (rC+)
                  | [potion of mutation]
 29533 | Orc:2    | Lost mutation: Your flesh is cold resistant. (rC+) [potion
                  | of mutation]
 29533 | Orc:2    | Gained mutation: You have a pair of small antennae on your
                  | head. [potion of mutation]
 29533 | Orc:2    | Gained mutation: You possess an exceptional clarity of
                  | mind. [potion of mutation]
 29581 | Elf:1    | Entered Level 1 of the Elven Halls
 30340 | Elf:1    | Found Qaexzy's Gadget Shoppe.
 30340 | Elf:1    | Found Kyq Zeutt's Jewellery Boutique.
 30341 | Elf:1    | Found Agebrolu's Jewellery Boutique.
 30346 | Elf:1    | Bought a cursed -3 ring of evasion for 34 gold pieces
 30632 | Elf:2    | Gained mutation: You expend magic power (3 MP) to
                  | strengthen your wands. [a cacodemon]
 30635 | Elf:2    | Reached XP level 19. HP: 170/184 MP: 25/25
 30638 | Elf:2    | Received a gift from Okawaru
 30673 | Elf:2    | Got a pair of brightly glowing gloves {god gift}
 30684 | Elf:2    | Identified the +2 pair of gloves "Catzo" {rC++} (Okawaru
                  | gifted it to you on level 2 of the Elven Halls)
 30731 | Elf:2    | Reached skill level 20 in Fighting
 30745 | Elf:2    | Found Lysuqu Neita's Gadget Shoppe.
 30905 | Elf:2    | Found a huge runed translucent gate.
 30905 | Elf:2    | Found a huge runed translucent gate.
 30906 | Elf:2    | Found a huge runed translucent gate.
 30907 | Elf:2    | Found a huge runed translucent gate.
 30912 | Elf:2    | Found a huge runed translucent gate.
 31056 | Elf:2    | Reached skill level 1 in Slings
 31107 | Elf:2    | Received a gift from Okawaru
 31753 | Elf:2    | Reached skill level 5 in Slings
 32131 | Elf:3    | Entered Level 3 of the Elven Halls
 32242 | Elf:3    | Paralysed by a sphinx for 2 turns
 32250 | Elf:3    | Received a gift from Okawaru
 32264 | Elf:3    | Reached skill level 21 in Fighting
 32452 | Elf:3    | Received a gift from Okawaru
 32728 | Elf:3    | Reached XP level 20. HP: 180/198 MP: 26/26
 32835 | Elf:3    | Found a runed translucent door.
 32894 | Elf:3    | Identified the +3 scale mail of the Valley of Death {rPois
                  | rN+ Int+4 Dex-2} (You found it on level 3 of the Elven
                  | Halls)
 33493 | Elf:3    | Cast into level 3 of the Abyss (deep elf sorcerer)
 33927 | Abyss:3  | Gained mutation: Your body sometimes deteriorates upon
                  | taking damage. [a neqoxec]
 33974 | Abyss:4  | Found a corrupted altar of Lugonu.
 33982 | Abyss:5  | Entered Level 5 of the Abyss
 33982 | Abyss:5  | Entered Level 5 of the Abyss
 33995 | Abyss:5  | Identified the +7 arbalest of Integrity {velocity, *Drain
                  | rElec Dex+3 SInv} (You found it on level 5 of the Abyss)
 34101 | Abyss:5  | Found a basalt altar of Yredelemnul.
 34196 | Abyss:5  | Received a gift from Okawaru
 34221 | Abyss:5  | Noticed a bone dragon
 34237 | Abyss:5  | Killed a bone dragon
 34249 | Elf:3    | Escaped the Abyss
 34688 | Elf:3    | Identified the ring "Zymivaun" {rC+ MR+ Int+4 SInv}
 34688 | Elf:3    | Reached skill level 22 in Fighting
 34716 | Elf:3    | Identified the ring of Irrepressible Laughter {rPois Str+2
                  | Int+2}
 34750 | Elf:3    | Received a gift from Okawaru
 34824 | Elf:3    | Identified Sif Muna's Grimoire of Torrid Feathers
 34846 | Elf:3    | Identified the ring "Vaosay" {Ice Str-3 Slay+6 SInv Stlth+}
                  | (You found it on level 3 of the Elven Halls)
 34849 | Elf:3    | Identified the ring "Erphagg" {rN+ Int+4 Dex-5} (You found
                  | it on level 3 of the Elven Halls)
 35403 | D:5      | Killed bmj180's ghost
 35414 | D:5      | Got a translucent glass ring
 35416 | D:5      | Identified the ring "Gewneock" {rN+ AC+3 Str+2} (You found
                  | it on level 5 of the Dungeon)
 35648 | D:12     | Found a runed translucent door.
 35652 | D:12     | Noticed MordorOrchid's ghost (journeyman DsTm)
 35666 | D:12     | Identified the +6 spear of Accord {venom, rC+}
 35678 | D:12     | Killed MordorOrchid's ghost
 36104 | D:12     | Reached skill level 1 in Polearms
 36271 | D:12     | Found a stormy altar of Qazlal.
 36405 | D:13     | Identified the +6 war axe of the Crawling Thing {chop, rN+}
 36412 | D:13     | Reached XP level 21. HP: 205/209 MP: 28/28
 36556 | D:13     | Identified the Reference Book on Dusty Stolen Souls
 36567 | D:13     | Learned a level 5 spell: Aura of Abjuration
 36573 | D:13     | Learned a level 5 spell: Metabolic Englaciation
 36744 | D:13     | Got a faintly humming plate armour
 36755 | D:13     | Identified the +1 plate armour of Virtue {Regen+ MP+9
                  | Int+4} (You found it on level 13 of the Dungeon)
 36782 | D:13     | Reached skill level 1 in Spellcasting
 36855 | D:13     | Lost mutation: Your body sometimes deteriorates upon taking
                  | damage. [potion of mutation]
 36855 | D:13     | Lost mutation: You possess an exceptional clarity of mind.
                  | [potion of mutation]
 36855 | D:13     | Lost mutation: You have a pair of small antennae on your
                  | head. [potion of mutation]
 36855 | D:13     | Lost mutation: You are partially covered in slimy green
                  | scales. (AC +2) [potion of mutation]
 36855 | D:13     | Gained mutation: Your body sometimes deteriorates upon
                  | taking damage. [potion of mutation]
 36855 | D:13     | Gained mutation: Your flesh is cold resistant. (rC+)
                  | [potion of mutation]
 36863 | D:13     | Found a gate to the Vaults.
 36868 | D:13     | Reached skill level 1 in Summonings
 37402 | Vaults:1 | Entered Level 1 of the Vaults
 37500 | Vaults:1 | Received a gift from Okawaru
 37822 | Vaults:1 | Received a gift from Okawaru
 37857 | Vaults:1 | Received a gift from Okawaru
 37863 | Vaults:1 | Reached skill level 23 in Fighting
 37903 | Vaults:1 | Got a pair of brightly glowing boots {god gift}
 37909 | Vaults:1 | Identified the -2 pair of boots of the Tarantula {rF+
                  | Dex+4} (Okawaru gifted it to you on level 1 of the Vaults)
 39015 | Vaults:2 | Found a ruined gateway.
 39057 | Desolati | Entered the Desolation of Salt
 39119 | Desolati | Received a gift from Okawaru
 39131 | Desolati | Reached skill level 5 in Summonings
 39143 | Desolati | Reached XP level 22. HP: 209/220 MP: 29/29
 39177 | Desolati | Got a transparent scale mail
 39188 | Desolati | Identified the +1 scale mail of Rifupily {rPois Regen+
                  | Int-2 Dex+4} (You found it in the Desolation of Salt)
 39220 | Desolati | Identified the Handbook of Vitriolic Beguiling
 39315 | Desolati | Received a gift from Okawaru
 39387 | Desolati | Got a polished scale mail
 39398 | Desolati | Identified the +6 scale mail of Analysis {rF+} (You found
                  | it in the Desolation of Salt)
 39399 | Desolati | Got an encrusted hand axe
 39400 | Desolati | Identified the cursed +0 hand axe "Qatuk" {elec, rC+ MR+}
                  | (You found it in the Desolation of Salt)
 39468 | Desolati | Received a gift from Okawaru
 39487 | Desolati | Got a bound brass ring
 39498 | Desolati | Got a twisted cloak
 39509 | Desolati | Identified the cursed +0 cloak "Jawk" {+Blink Regen+
                  | Stlth-} (You found it in the Desolation of Salt)
 39636 | Desolati | Got a vibrating platinum ring
 39641 | Desolati | Identified the ring "Nuonteor" {*Slow rPois rF+ rN+} (You
                  | found it in the Desolation of Salt)
 39643 | Desolati | Identified the cursed ring "Omuicox" {AC-6 Int+4} (You
                  | found it in the Desolation of Salt)
 39648 | Desolati | Got a bound marble ring
 39650 | Desolati | Identified the ring "Veanamm" {Fire Int+6 Stlth+} (You
                  | found it in the Desolation of Salt)
 39667 | Desolati | Got a steaming amber ring
 39669 | Desolati | Identified the ring of Tempters {+Inv +Fly rC- SInv} (You
                  | found it in the Desolation of Salt)
 39876 | Desolati | Received a gift from Okawaru
 40256 | Vaults:2 | Reached skill level 5 in Spellcasting
 40263 | Vaults:2 | Received a gift from Okawaru
 40271 | Vaults:2 | Got a jewelled plate armour {god gift}
 40290 | Vaults:2 | Identified the +10 plate armour "Ydack" {-Cast +Blink rCorr
                  | Int+9} (Okawaru gifted it to you on level 2 of the Vaults)
 40759 | Vaults:2 | Found an opulent altar of Gozag.
 40761 | Vaults:2 | Found Gozag's Antique Armour Boutique.
 40790 | Vaults:2 | Found Gozag's Antique Armour Shop.
 40791 | Vaults:2 | Found Gozag's Assorted Antiques.
 40849 | Vaults:2 | Bought a translucent helmet for 950 gold pieces
 40859 | Vaults:2 | Identified the cursed -3 helmet of Hunwek {rF++} (You
                  | bought it in a shop on level 2 of the Vaults)
 41313 | Vaults:3 | Found a flickering gateway to a bazaar.
 41329 | Bazaar   | Entered a bazaar
 41329 | Bazaar   | Found Keutan's Assorted Antiques.
 41330 | Bazaar   | Found Geuv Bad's Food Boutique.
 41348 | Bazaar   | Found Nulo's Assorted Antiques.
 41384 | Bazaar   | Found Otodwuri's Gadget Shoppe.
 41412 | Bazaar   | Bought a potion of haste for 210 gold pieces
 41412 | Bazaar   | Bought a scroll of teleportation for 63 gold pieces
 41412 | Bazaar   | Bought a potion of cancellation for 168 gold pieces
 41431 | Bazaar   | Bought a scroll of magic mapping for 91 gold pieces
 41431 | Bazaar   | Bought a yellowed book for 390 gold pieces
 41431 | Bazaar   | Bought a potion of cancellation for 208 gold pieces
 41454 | Bazaar   | Bought a pink potion for 18 gold pieces
 41475 | Bazaar   | Reached skill level 1 in Throwing
 41475 | Bazaar   | Reached XP level 23. HP: 229/229 MP: 31/31
 41537 | Vaults:3 | Cast into level 3 of the Abyss (a deep elf sorcerer)
 41537 | Abyss:3  | Found a corrupted altar of Lugonu.
 41570 | Abyss:3  | Found a corrupted altar of Lugonu.
 41661 | Abyss:3  | Reached skill level 24 in Fighting
 41714 | Abyss:3  | Found a corrupted altar of Lugonu.
 41906 | Abyss:3  | Reached XP level 24. HP: 238/238 MP: 31/31
 41911 | Abyss:3  | Received a gift from Okawaru
 41941 | Abyss:3  | Got an abyssal rune of Zot
 41955 | Vaults:3 | Escaped the Abyss
 42626 | Vaults:3 | Found a staircase to the Crypt.
 42845 | Crypt:1  | Entered Level 1 of the Crypt
 42954 | Crypt:1  | Reached skill level 10 in Dodging
 43929 | Crypt:2  | Received a gift from Okawaru
 44371 | Crypt:3  | Entered Level 3 of the Crypt
 44425 | Crypt:3  | Noticed Xtahua
 44435 | Crypt:3  | Killed Xtahua
 44503 | Crypt:3  | Noticed an ancient lich
 44510 | Crypt:3  | Killed an ancient lich
 44510 | Crypt:3  | Received a gift from Okawaru
 44510 | Crypt:3  | Reached skill level 15 in Armour
 44647 | Crypt:3  | Found the +5 robe of Misfortune {*Contam Harm *Corrode
                  | *Drain *Slow EV+5}
 44905 | Crypt:3  | Noticed a curse toe
 44910 | Crypt:3  | Noticed a curse toe
 44922 | Crypt:3  | Reached skill level 25 in Fighting
 44925 | Crypt:3  | Killed a curse toe
 44933 | Crypt:3  | Killed a curse toe
 44933 | Crypt:3  | Reached XP level 25. HP: 142/249 MP: 28/32
 45056 | Crypt:3  | Found a staircase to the Tomb.
 45270 | Crypt:3  | Noticed an ancient lich
 45326 | Crypt:3  | Killed an ancient lich
 45326 | Crypt:3  | Received a gift from Okawaru
 45326 | Crypt:3  | Received a gift from Okawaru
 45380 | Crypt:3  | Got a smoking chain mail {god gift}
 45392 | Crypt:3  | Identified the +7 chain mail of the Moon {rN+ Str+2 Dex+7}
                  | (Okawaru gifted it to you on level 3 of the Crypt)
 45438 | Crypt:3  | Learned a level 3 spell: Regeneration
 45751 | Vaults:3 | Noticed Boris
 45768 | Vaults:3 | Killed Boris
 46096 | Vaults:4 | Reached skill level 1 in Charms
 46165 | Vaults:4 | Reached skill level 1 in Necromancy
 46499 | Vaults:4 | Found a runed translucent gate.
 46499 | Vaults:4 | Found a runed translucent gate.
 46499 | Vaults:4 | Found a runed translucent gate.
 46499 | Vaults:4 | Found an ancient bone altar of Kikubaaqudgha.
 46499 | Vaults:4 | Noticed Guuvih's ghost (adept OgTm)
 46499 | Vaults:4 | Noticed an ancient lich
 46500 | Vaults:4 | Noticed Yjimoseergh's ghost (adept SpFE)
 46522 | Vaults:4 | Killed an ancient lich
 46522 | Vaults:4 | Reached skill level 5 in Polearms
 46528 | Vaults:4 | Killed Guuvih's ghost
 46532 | Vaults:4 | Killed Yjimoseergh's ghost
 46551 | Vaults:4 | Got a smoking cloak
 46571 | Vaults:4 | Identified the +0 cloak "Emiasu" {rPois SInv} (You found it
                  | on level 4 of the Vaults)
 46583 | Vaults:4 | Got a coiled granite ring
 46585 | Vaults:4 | Identified the ring "Lur Ask" {rElec Str+3 Stlth-} (You
                  | found it on level 4 of the Vaults)
 46608 | Vaults:4 | Found Teklaopazu's Gadget Shop.
 46773 | Vaults:4 | Received a gift from Okawaru
 47567 | Vaults:5 | Entered Level 5 of the Vaults
 47674 | Vaults:5 | Reached skill level 5 in Charms
 47674 | Vaults:5 | Reached XP level 26. HP: 235/260 MP: 27/32
 47677 | Vaults:5 | Reached skill level 5 in Necromancy
 47678 | Vaults:5 | Received a gift from Okawaru
 47782 | Vaults:5 | Reached skill level 26 in Fighting
 47813 | Vaults:5 | Identified the cursed +1 hand axe of the Secret Lovers
                  | {flame, rC+}
 47837 | Vaults:4 | Received a gift from Okawaru
 47852 | Vaults:4 | Got a blackened ring mail {god gift}
 47864 | Vaults:4 | Identified the +2 ring mail of a Gauntlet {rElec MR- Str+4
                  | SInv} (Okawaru gifted it to you on level 4 of the Vaults)
 48232 | Vaults:5 | Noticed Bai Suzhen
 48326 | Vaults:5 | Killed Bai Suzhen
 48395 | Vaults:5 | Lost mutation: You expend magic power (3 MP) to strengthen
                  | your wands. [potion of mutation]
 48395 | Vaults:5 | Lost mutation: Your body sometimes deteriorates upon taking
                  | damage. [potion of mutation]
 48395 | Vaults:5 | Gained mutation: Your flesh is very cold resistant. (rC++)
                  | [potion of mutation]
 48395 | Vaults:5 | Gained mutation: Your magical capacity is low. (-10% MP)
                  | [potion of mutation]
 48395 | Vaults:5 | Gained mutation: You expend magic power (3 MP) to
                  | strengthen your wands. [potion of mutation]
 48501 | Vaults:5 | Lost mutation: Your magical capacity is low. (-10% MP)
                  | [potion of mutation]
 48501 | Vaults:5 | Gained mutation: You are clumsy. (Dex -2) [potion of
                  | mutation]
 48501 | Vaults:5 | Gained mutation: You are partially covered in iridescent
                  | scales. (AC +2) [potion of mutation]
 48533 | Vaults:5 | Got a silver rune of Zot
 48542 | Vaults:5 | Got a distressingly furry chain mail
 48555 | Vaults:5 | Identified the +4 chain mail of Egalitarianism {*Corrode
                  | rPois Int+7} (You found it on level 5 of the Vaults)
 48563 | Vaults:5 | Got an emerald-encrusted scale mail
 48569 | Vaults:5 | Identified the +6 scale mail "Viuthr Mihu" {rN+} (You found
                  | it on level 5 of the Vaults)
 48795 | Vaults:5 | Identified a scroll of acquirement
 49082 | Vaults:5 | Received a gift from Okawaru
 49233 | Vaults:5 | Got a pair of twisted gloves
 49244 | Vaults:5 | Identified the +0 pair of gloves of Weggoogy {Dex+4} (You
                  | acquired it on level 5 of the Vaults)
 50386 | D:15     | Entered Level 15 of the Dungeon
 50392 | D:15     | Received a gift from Okawaru
 50392 | D:15     | Reached XP level 27. HP: 271/271 MP: 32/32
 50761 | D:15     | Reached skill level 5 in Maces & Flails
 50782 | D:15     | Found a staircase to the Depths.
 51478 | Depths:1 | Entered Level 1 of the Depths
 51513 | Depths:1 | Found a runed translucent gate.
 51514 | Depths:1 | Found a runed translucent gate.
 51514 | Depths:1 | Found an opulent altar of Gozag.
 51515 | Depths:1 | Found a runed translucent gate.
 51517 | Depths:1 | Found Quiss's Assorted Antiques.
 51542 | Depths:1 | Noticed DungeonDestroyer's ghost (adept MiFi)
 51686 | Depths:1 | Received a gift from Okawaru
 51700 | Depths:1 | Found a gateway to Hell.
 51892 | Depths:1 | Found a portal to a secret trove of treasure.
 51950 | Depths:1 | Found a one-way gate to the infinite horrors of the Abyss.
 52131 | Depths:1 | Found Vaenikho's Assorted Antiques.
 53117 | Vaults:5 | Identified the +6 chain mail of Dogma {rN+} (Okawaru gifted
                  | it to you on level 5 of the Vaults)
 53334 | D:15     | Learned a level 6 spell: Darkness
 53435 | Depths:1 | Reached skill level 27 in Fighting
 53440 | Depths:1 | Reached skill level 1 in Hexes
 53445 | Depths:1 | Killed DungeonDestroyer's ghost
 53512 | Depths:1 | Bought a flickering glass ring for 165 gold pieces
 53518 | Depths:1 | Bought a potion of haste for 420 gold pieces
 53524 | Depths:1 | Identified the ring of Owous {Wiz Dex+4} (You bought it in
                  | a shop on level 1 of the Depths)
 53715 | Depths:2 | Reached skill level 5 in Hexes
 54055 | Depths:2 | Received a gift from Okawaru
 54134 | Depths:2 | Received a gift from Okawaru
 54209 | Depths:2 | Identified the +0 helmet of Time Monsters {Str+5} (Okawaru
                  | gifted it to you on level 2 of the Depths)
 54242 | Depths:2 | Identified Redemog's Volume of Shifting Slavery
 54317 | Depths:2 | Reached skill level 10 in Hexes
 54327 | Depths:2 | Noticed a juggernaut
 54344 | Depths:2 | Killed a juggernaut
 54420 | Depths:2 | Noticed a juggernaut
 54434 | Depths:2 | Killed a juggernaut
 54562 | Depths:2 | Received a gift from Okawaru
 54566 | Depths:2 | Got a translucent shield {god gift}
 54577 | Depths:2 | Identified the +1 shield "Unger" {Str+9} (Okawaru gifted it
                  | to you on level 2 of the Depths)
 54938 | Depths:3 | Paralysed by a great orb of eyes for 6 turns
 55216 | Depths:3 | Found Uraul's Distillery.
 55216 | Depths:3 | Found Beolay's General Store.
 55217 | Depths:3 | Found Bawah's Gadget Shoppe.
 55219 | Depths:3 | Found Oteafipn's General Store.
 55244 | Depths:3 | Bought a potion of agility for 52 gold pieces
 55244 | Depths:3 | Bought a potion of invisibility for 104 gold pieces
 55244 | Depths:3 | Bought a potion of might for 52 gold pieces
 55255 | Depths:3 | Bought a potion of haste for 160 gold pieces
 55255 | Depths:3 | Bought a scroll of fog for 32 gold pieces
 55255 | Depths:3 | Bought a potion of agility for 64 gold pieces
 55255 | Depths:3 | Bought a potion of brilliance for 64 gold pieces
 55260 | Depths:3 | Bought a potion of invisibility for 112 gold pieces
 55260 | Depths:3 | Bought a scroll of teleportation for 42 gold pieces
 55293 | Depths:3 | Found Geoptiurch's Book Shoppe.
 55298 | Depths:3 | Bought a book of Burglary for 1800 gold pieces
 55303 | Depths:3 | Learned a level 4 spell: Passage of Golubria
 55310 | Depths:3 | Learned a level 6 spell: Invisibility
 55583 | Depths:3 | Found a one-way gate leading to the halls of Pandemonium.
 55854 | Depths:3 | Found a runed translucent door.
 55900 | Depths:3 | Received a gift from Okawaru
 56238 | Depths:4 | Noticed an ancient lich
 56255 | Depths:4 | Killed an ancient lich
 56360 | Depths:4 | Identified the Catalogue of Necromancy
 56594 | Depths:4 | Reached skill level 5 in Stealth
 56653 | Depths:4 | Received a gift from Okawaru
 56656 | Depths:4 | Identified the +2 hand axe of Extinguishment {chop, rPois
                  | rF+++ Str-2 Int+5} (Okawaru gifted it to you on level 4 of
                  | the Depths)
 56664 | Depths:4 | Identified the +4 scale mail of Analysis {rElec} (You found
                  | it on level 4 of the Depths)
 57490 | Depths:4 | Cast into level 4 of the Abyss (a lich)
 57508 | Depths:4 | Escaped the Abyss
 57658 | Depths:5 | Entered Level 5 of the Depths
 57668 | Depths:5 | Received a gift from Okawaru
 57689 | Depths:5 | Found a gateway to a ziggurat.
 58064 | Depths:5 | Found a gate to the Realm of Zot.
 58125 | Depths:5 | Noticed Sojobo
 58159 | Depths:5 | Killed Sojobo
 58463 | Depths:5 | Found Dotaepid's Magic Scroll Shop.
 58471 | Depths:5 | Bought a scroll of enchant armour for 165 gold pieces
 58471 | Depths:5 | Bought a scroll of enchant armour for 165 gold pieces
 58718 | Depths:1 | You paid a toll of +2 shadow dragon scales to enter a
                  | treasure trove
 58719 | Trove    | Entered a treasure trove
 58736 | Trove    | Got a pair of smoking gloves
 58747 | Trove    | Identified the +0 pair of gloves of Courage {rElec rPois}
                  | (You found it in a treasure trove)
 58753 | Trove    | Got dazzling swamp dragon scales
 58764 | Trove    | Identified the +1 swamp dragon scales "Eraotsik" {rPois
                  | Dex+4} (You found it in a treasure trove)
 58789 | Trove    | Got a heavily runed scale mail
 58800 | Trove    | Identified the cursed +0 scale mail of Exclusion {-Cast
                  | Dex+2 SInv} (You found it in a treasure trove)
 58809 | Trove    | Got a shimmering cloak
 58820 | Trove    | Identified the +0 cloak of Blue Skies {rElec rC+ SInv} (You
                  | found it in a treasure trove)
 58828 | Trove    | Got a faintly glowing plate armour
 58834 | Trove    | Identified the +1 plate armour of Omission {rC+ Str+5} (You
                  | found it in a treasure trove)
 59016 | Zot:1    | Entered Level 1 of the Realm of Zot
 59024 | Zot:1    | Reached skill level 10 in Slings
 59353 | Zot:1    | Received a gift from Okawaru
 60159 | Zot:2    | Noticed an orb of fire
 60166 | Zot:2    | Noticed an orb of fire
 60193 | Zot:2    | Gained mutation: You are frail. (-10% HP) [an orb of fire]
 60195 | Zot:2    | Killed an orb of fire
 60195 | Zot:2    | Received a gift from Okawaru
 60209 | Zot:2    | Lost mutation: You expend magic power (3 MP) to strengthen
                  | your wands. [an orb of fire]
 60217 | Zot:2    | Gained mutation: Your mind is acute. (Int +2) [an orb of
                  | fire]
 60224 | Zot:2    | Gained mutation: Your magical capacity is low. (-10% MP)
                  | [an orb of fire]
 60225 | Zot:2    | Killed an orb of fire
 60246 | Zot:2    | Received a gift from Okawaru
 60252 | Zot:2    | Noticed an orb of fire
 60256 | Zot:2    | Gained mutation: You are very clumsy. (Dex -4) [an orb of
                  | fire]
 60273 | Zot:2    | Gained mutation: You are very frail. (-20% HP) [an orb of
                  | fire]
 60275 | Zot:2    | Killed an orb of fire
 60958 | Zot:2    | Lost mutation: Your flesh is very cold resistant. (rC++)
                  | [potion of mutation]
 60958 | Zot:2    | Lost mutation: You are very frail. (-20% HP) [potion of
                  | mutation]
 60958 | Zot:2    | Lost mutation: You are partially covered in iridescent
                  | scales. (AC +2) [potion of mutation]
 60958 | Zot:2    | Gained mutation: You have supernaturally acute eyesight.
                  | (SInv) [potion of mutation]
 60958 | Zot:2    | Gained mutation: You are partially covered in yellow
                  | scales. (AC +2) [potion of mutation]
 60958 | Zot:2    | Gained mutation: You have sharp toenails. [potion of
                  | mutation]
 60959 | Zot:2    | Lost mutation: Your mind is acute. (Int +2) [potion of
                  | mutation]
 60959 | Zot:2    | Lost mutation: You are very clumsy. (Dex -4) [potion of
                  | mutation]
 60959 | Zot:2    | Lost mutation: You have sharp toenails. [potion of
                  | mutation]
 60959 | Zot:2    | Gained mutation: You are resistant to electric shocks.
                  | (rElec) [potion of mutation]
 60959 | Zot:2    | Gained mutation: You can translocate small distances at
                  | will. [potion of mutation]
 60959 | Zot:2    | Lost mutation: Your magical capacity is low. (-10% MP)
                  | [potion of mutation]
 60959 | Zot:2    | Gained mutation: Your natural rate of healing is unusually
                  | fast. [potion of mutation]
 60971 | Zot:2    | Noticed an orb of fire
 60978 | Zot:2    | Killed an orb of fire
 60999 | Zot:2    | Received a gift from Okawaru
 61026 | Zot:2    | Reached skill level 15 in Hexes
 61027 | Zot:2    | Received a gift from Okawaru
 61264 | Zot:2    | Received a gift from Okawaru
 61430 | Zot:2    | Reached skill level 10 in Summonings
 61528 | Zot:2    | Received a gift from Okawaru
 61951 | Zot:3    | Received a gift from Okawaru
 62290 | Zot:3    | Received a gift from Okawaru
 62745 | Zot:4    | Received a gift from Okawaru
 62768 | Zot:4    | Identified a +0 pair of boots of running (You found it on
                  | level 4 of the Realm of Zot)
 63124 | Zot:5    | Entered Level 5 of the Realm of Zot
 63174 | Zot:5    | Reached skill level 15 in Dodging
 63228 | Zot:5    | Noticed an ancient lich
 63240 | Zot:5    | Killed an ancient lich
 63240 | Zot:5    | Received a gift from Okawaru
 63262 | Zot:5    | Reached skill level 10 in Spellcasting
 63349 | Zot:5    | Noticed an orb of fire
 63350 | Zot:5    | Noticed an orb of fire
 63364 | Zot:5    | Gained mutation: Your body sometimes deteriorates upon
                  | taking damage. [an orb of fire]
 63365 | Zot:5    | Killed an orb of fire
 63375 | Zot:5    | Killed an orb of fire
 63392 | Zot:5    | Received a gift from Okawaru
 63557 | Zot:5    | Noticed an orb of fire
 63579 | Zot:5    | Lost mutation: You have supernaturally acute eyesight.
                  | (SInv) [an orb of fire]
 63580 | Zot:5    | Killed an orb of fire
 63580 | Zot:5    | Reached skill level 5 in Evocations
 63876 | Zot:5    | Noticed an ancient lich
 63895 | Zot:5    | Killed an ancient lich
 63947 | Zot:5    | Got the Orb of Zot
 64167 | Zot:1    | Received a gift from Okawaru
 64171 | Zot:1    | Got a pair of smoking gloves {god gift}
 64172 | Zot:1    | Identified the +2 pair of gloves of Gaazyept {rN+} (Okawaru
                  | gifted it to you on level 1 of the Realm of Zot)
 64241 | Zot:1    | Noticed Utuo the pandemonium lord
 64261 | Zot:1    | Killed from afar by Utuo the pandemonium lord

Skill      XL: |  1  2  3  4  5  6  7  8  9 10 11 12 13 14 15 16 17 18 19 20 21 22 23 24 25 26 27 |
---------------+----------------------------------------------------------------------------------+-----
Fighting       | 4 5 6 7 8 10 11 13 14 16 17 19 21 22 23 24 25 26 27 | 27.0
Axes           | 3 4 5 6 8 10 12 14 16 17 | 17.9
Shields        | 4 5 6 7 8 9 10 11 13 14 16 18 19 20 21 22 23 24 25 | 25.0
Armour         | 4 5 6 7 9 10 11 12 13 14 15 21 | 21.7
Dodging        | 1 2 3 4 6 7 8 9 10 16 | 16.1
Evocations     | 1 2 3 5 |  5.5
Invocations    | 1 3 4 5 6 7 8 9 |  9.4
Maces & Flails | 2 3 4 6 |  6.4
Stealth        | 1 2 3 4 5 |  5.9
Slings         | 6 7 10 | 10.4
Polearms       | 2 3 4 5 6 |  6.9
Spellcasting   | 3 5 6 10 | 10.8
Summonings     | 5 6 7 12 | 12.1
Throwing       | 1 |  1.2
Charms         | 5 7 |  7.0
Necromancy     | 4 7 |  7.6
Hexes          | 16 | 16.4

Action                   |  1- 3 |  4- 6 |  7- 9 | 10-12 | 13-15 | 16-18 | 19-21 | 22-24 | 25-27 || total
-------------------------+-------+-------+-------+-------+-------+-------+-------+-------+-------++-------
Melee: War axe           |    97 |   159 |   546 |   510 |       |       |       |       |       ||  1312
       Broad axe         |       |       |       |   178 |   783 |  1204 |  1157 |   886 |  2091 ||  6299
       Morningstar       |       |       |       |    16 |    31 |       |       |       |       ||    47
       Lance             |       |       |       |       |       |       |    94 |     4 |   619 ||   717
       Demon whip        |       |       |       |       |       |       |       |       |   346 ||   346
 Fire: Fustibalus        |       |       |       |       |       |       |   172 |       |    38 ||   210
Throw: Tomahawk          |       |       |       |       |       |     2 |       |       |       ||     2
 Cast: Regeneration      |       |       |       |       |       |       |       |       |     2 ||     2
Invok: Heroism           |       |       |       |    21 |    28 |    32 |    19 |     7 |    29 ||   136
       Finesse           |       |       |       |     1 |     2 |     6 |     5 |     2 |    14 ||    30
 Abil: Evoke Blink       |       |       |       |       |       |     2 |       |       |    13 ||    15
Evoke: Wand              |       |       |     3 |    24 |     3 |       |       |       |       ||    30
  Use: Scroll            |     3 |     9 |     3 |     4 |    25 |    10 |    13 |    11 |    35 ||   113
       Potion            |       |       |       |     1 |     1 |     8 |     1 |     1 |    13 ||    25
 Stab: Paralysed         |       |       |       |     1 |       |       |       |       |       ||     1
       Held in net/web   |       |       |       |       |       |     1 |       |       |       ||     1
       Petrified         |       |       |       |       |       |       |     2 |       |       ||     2
       Distracted        |       |       |       |       |       |       |       |     1 |     1 ||     2
       Confused          |       |       |       |       |       |       |       |       |     1 ||     1
       Sleeping          |       |       |       |       |       |       |       |       |     1 ||     1
  Eat: Chunk             |       |     7 |     5 |     8 |    15 |     7 |    14 |     1 |    11 ||    68
       Ration            |       |       |     3 |     4 |     3 |     7 |     5 |     5 |    16 ||    43
Armor: Scale mail        |    54 |    28 |       |       |    73 |   414 |   274 |     3 |       ||   846
       Chain mail        |       |    50 |   164 |   173 |   129 |       |       |       |   402 ||   918
       Plate armour      |       |       |       |       |       |       |    72 |   164 |    78 ||   314
Dodge: Dodged            |    34 |    24 |    52 |    98 |   189 |   370 |   333 |   193 |   779 ||  2072
Block: Shield            |    40 |       |       |       |       |   979 |   416 |       |       ||  1435
       Large shield      |    32 |   149 |   495 |   652 |   877 |    56 |   715 |   892 |  3244 ||  7112
       Reflection        |       |       |       |       |       |    75 |    62 |    44 |   164 ||   345
